 Dungeon Crawl Stone Soup version 0.20-a0-809-gaf7f668 (console) character file.

16713 nht the Cruncher (level 12, 0/93 HPs)
             Began as a Demonspawn Gladiator on Mar 3, 2017.
             Was a Priest of Yredelemnul.
             Slain by a water moccasin (3 damage)
             ... on level 2 of the Lair of Beasts.
             The game lasted 00:32:23 (12767 turns).

nht the Cruncher (Demonspawn Gladiator)            Turns: 12767, Time: 00:32:24

Health: 0/93       AC:  9    Str: 16    XL:     12   Next: 12%
Magic:  0/21       EV:  2    Int: 14    God:    Yredelemnul [***...]
Gold:   901        SH:  0    Dex: 14    Spells: 11/11 levels left

rFire    + . .     SeeInvis .   K - +8 morningstar {speed, rElec rF+}
rCold    . . .     Gourm    .   O - +0 troll leather armour
rNeg     + + +     Faith    .   (no shield)
rPois    ∞         Spirit   +   (helmet restricted)
rElec    +         Reflect  .   F - +2 cloak {+Inv}
rCorr    .         Harm     .   (no gloves)
MR       .....                  (no boots)
Stlth    +.........             (no amulet)
Regen    0.7/turn               u - +6 ring of evasion
MPRegen  0.4/turn               h - +3 ring of evasion

@: petrified
A: antennae 1, iridescent scales 1, powered by death 1, magic shield, magic
regeneration, magic link
a: Recall Undead Slaves, Injury Mirror, Animate Dead, Renounce Religion, Evoke
Invisibility


You were on level 2 of the Lair of Beasts.
You worshipped Yredelemnul.
Yredelemnul was most pleased with you.
You were not hungry.

You visited 3 branches of the dungeon, and saw 14 of its levels.
You also visited: Ossuary.

You collected 901 gold pieces.

Inventory:

Hand Weapons
 a - a +1 quarterstaff
 r - a +0 hand crossbow
 t - a +0 quarterstaff of freezing
 K - the +8 morningstar of the Known World (weapon) {speed, rElec rF+}
   (You took it off an orc warrior on level 10 of the Dungeon)

   Attacks with this weapon are significantly faster.
   It protects you from fire.
   It insulates you from electricity.
Missiles
 d - 2 throwing nets
 v - 85 bolts
 B - 8 javelins (quivered)
 H - 6 poisoned tomahawks
 J - 4 tomahawks
 M - 8 steel tomahawks
 P - 4 silver tomahawks
Armour
 F - a +2 cloak of invisibility (worn)
 O - a +0 troll leather armour (worn)
 Q - a +0 shield
 S - the +1 ring mail "Marchuwiq" {*Slow rPois rN+ SInv}
   (You found it on level 1 of the Lair of Beasts)

   It protects you from poison.
   It protects you from negative energy.
   It lets you see invisible.
   It may slow you when you take damage.
Jewellery
 h - a +3 ring of evasion (left hand)
 j - an uncursed ring of positive energy
 u - a +6 ring of evasion (right hand)
 y - an uncursed ring of ice
 I - an uncursed ring of ice
Wands
 e - a wand of lightning (0/15)
 p - a wand of paralysis (15/24)
 G - a wand of digging (12/24)
Scrolls
 g - 3 scrolls of fog
 k - 3 scrolls of remove curse
 o - a scroll of magic mapping
 D - a scroll of enchant weapon
 E - 3 scrolls of amnesia
 N - a scroll of blinking
 R - 3 scrolls of teleportation
Potions
 b - a potion of lignification
 c - a potion of mutation
 l - 4 potions of curing
 m - a potion of agility
 s - 2 potions of haste
 w - 3 potions of heal wounds
 x - a potion of flight
 z - a potion of resistance
 A - 3 potions of brilliance
Books
 n - a book of Minor Magic

   Spells                             Type                      Level
   a - Magic Dart                     Conjuration                  1
   b - Blink                          Translocation                2
   c - Call Imp                       Summoning                    2
   d - Slow                           Hexes                        2
   e - Conjure Flame                  Conjuration/Fire             3
   f - Mephitic Cloud                 Conjuration/Poison/Air       3
 L - a book of Cantrips

   Spells                             Type                      Level
   a - Confusing Touch                Hexes                        1
   b - Animate Skeleton               Necromancy                   1
   c - Summon Small Mammal            Summoning                    1
   d - Apportation                    Translocation                1
Comestibles
 f - 7 bread rations
 i - 4 meat rations
 q - 5 royal jellies


   Skills:
 + Level 8.3 Fighting
 - Level 14.0 Staves
 - Level 1.7 Throwing
 - Level 2.6 Dodging
 + Level 12.3 Invocations


You had 11 spell levels left.
You didn't know any spells.

Dungeon Overview and Level Annotations

Branches:
Dungeon (11/15)            Temple (1/1) D:6            Lair (2/6) D:10
    Orc (0/2) D:10
  Swamp: Lair:2-4    Shoals: Lair:2-4     Snake: Lair:2-4    Spider: Lair:2-4

Altars:
Ashenzari
Cheibriados
Dithmenos
Elyvilon
Fedhas
Gozag
Hepliaklqana
Kikubaaqudgha
Makhleb
Nemelex Xobeh
Okawaru
Qazlal
Ru
Sif Muna
Trog
Uskayaw
Vehumet
Wu Jian
Xom
Yredelemnul
Zin
The Shining One

Shops:
D:6 (

Portals:
Trove: D:11 (give 10 potions of heal wounds)


Innate Abilities, Weirdness & Mutations

You have a pair of small antennae on your head.
You are partially covered in iridescent scales. (AC +2)
You regenerate a little health from kills.
When hurt, damage is shared between your health and your magic reserves.
You regenerate magic rapidly.
When low on magic, you restore magic in place of health.


Message History

* * * LOW HITPOINT WARNING * * *
The bullfrog hits you but does no damage.
The water moccasin bites you but does no damage.
The blink frog blinks! x2; The bullfrog hits you.
* * * LOW HITPOINT WARNING * * *
The water moccasin bites you!
* * * LOW HITPOINT WARNING * * *
The blink frog blinks!
The blink frog hits you!
* * * LOW HITPOINT WARNING * * *
The water moccasin bites you.
* * * LOW HITPOINT WARNING * * *
The blink frog barely misses you. The water moccasin bites you.
* * * LOW HITPOINT WARNING * * *
The blink frog hits you!
* * * LOW HITPOINT WARNING * * *
The blink frog hits you.
* * * LOW HITPOINT WARNING * * *
The blink frog blinks! x2; The water moccasin bites you!
You die...
Your body rises from the dead as a mindless zombie.

..............█
..............██
....§..........█
................
................
................
.......F.§......
....$..SlF......
........@§......
................
........[.....█P
........█..F.██
.......█.█..██
....... █


P██ ....... ██ ...... You could see a basilisk, 2 blink frogs, a water moccasin
and a bullfrog.

Vanquished Creatures
  3 hydras
  Fannar (D:10)
  Erolcha (D:10)
  2 two-headed ogres (D:10)
  Pikel (D:9)
  Maurice (D:9)
  An elephant (D:10)
  A centaur skeleton (D:10)
  A gargoyle (D:11)
  A komodo dragon (Lair:1)
  3 trolls
  5 hippogriffs
  A redback (D:7)
  4 yaks (D:9)
  A hungry ghost (D:8)
  2 porcupines
  A water moccasin (D:8)
  7 orc warriors
  An ice beast (D:10)
  5 sky beasts
  6 ogres
  5 centaurs
  A necrophage (D:9)
  2 crocodiles (D:10)
  6 big kobolds
  5 bullfrogs
  3 gnoll sergeants (D:10)
  2 water moccasin zombies (D:5)
  4 scorpions
  14 killer bees
  4 howler monkeys
  7 wights
  4 crimson imps
  A jelly (D:11)
  The ghost of Sapher the Ruffian, a weakling VSFi (D:6)
  A bullfrog zombie (D:5)
  2 bullfrog skeletons (D:10)
  5 hounds
  A quasit (D:5)
  2 orc priests
  Crazy Yiuf (D:7)
  9 orc wizards
  2 iguanas
  10 worker ants
  A big kobold zombie (Ossuary)
  A hound skeleton (D:7)
  8 mummies (Ossuary)
  A howler monkey skeleton (D:10)
  5 gnolls
  8 adders
  3 shadow imps
  An adder skeleton (D:6)
  2 worms
  2 dart slugs
  7 leopard geckos
  42 orcs
  8 giant cockroaches
  4 hobgoblins
  17 jackals
  5 quokkas
  2 ball pythons
  6 bats
  5 frilled lizards
  5 goblins
  A jackal skeleton (D:6)
  19 kobolds
  4 kobold zombies (Ossuary)
  A leopard gecko zombie (D:5)
  3 orc zombies (Ossuary)
  9 rats
311 creatures vanquished.

Vanquished Creatures (collateral kills)
  2 two-headed ogres
  A cyclops (D:11)
  A blink frog (Lair:1)
  A hippogriff (D:11)
  A water moccasin (D:11)
  3 big kobolds (D:10)
  A jelly (D:11)
  A hound (D:11)
  A gnoll (D:10)
  A shadow imp (D:8)
  3 orcs (D:11)
16 creatures vanquished.

Vanquished Creatures (others)
  A two-headed ogre zombie (D:11)
  A slave (D:9)
  A hippogriff zombie (D:10)
  2 yak zombies (D:9)
  A crimson imp (D:9)
  2 killer bee zombies (D:9)
  A big kobold zombie (D:10)
  A hound skeleton (D:11)
  A worker ant zombie (D:9)
  3 orc zombies
14 creatures vanquished.

Grand Total: 341 creatures vanquished

Notes
Turn   | Place    | Note
-------+----------+-------------------------------------------
     0 | D:1      | nht the Demonspawn Gladiator began the quest for the Orb.
     0 | D:1      | Reached XP level 1. HP: 16/16 MP: 1/1
    94 | D:1      | Reached skill level 3 in Staves
   207 | D:1      | Gained mutation: You regenerate a little health from kills. [demonic ancestry]
   207 | D:1      | Reached XP level 2. HP: 21/22 MP: 2/2
  1003 | D:2      | Reached XP level 3. HP: 22/27 MP: 3/3
  1029 | D:2      | Reached skill level 4 in Staves
  1186 | D:2      | Found an ancient bone altar of Kikubaaqudgha.
  1818 | D:3      | Gained mutation: When hurt, damage is shared between your health and your magic reserves. [demonic ancestry]
  1818 | D:3      | Reached XP level 4. HP: 32/33 MP: 4/4
  1933 | D:3      | Reached skill level 5 in Staves
  1967 | D:3      | Reached XP level 5. HP: 28/38 MP: 3/5
  2092 | D:3      | Found a glowing golden altar of the Shining One.
  2093 | D:3      | Found a hazy altar of Hepliaklqana.
  2390 | D:3      | Reached skill level 6 in Staves
  2729 | D:3      | Reached XP level 6. HP: 19/44 MP: 4/6
  2985 | D:4      | Noticed Blork the orc
  3187 | D:4      | You fall through a shaft for 3 floors!
  3204 | D:7      | Noticed a hippogriff
  3220 | D:7      | Killed a hippogriff
  3220 | D:7      | Reached skill level 7 in Staves
  3220 | D:7      | Reached XP level 7. HP: 23/50 MP: 4/7
  3520 | D:7      | Reached skill level 8 in Staves
  3881 | D:7      | Found a white marble altar of Elyvilon.
  3979 | D:7      | Reached skill level 9 in Staves
  3979 | D:7      | Reached XP level 8. HP: 27/56 MP: 4/8
  4021 | D:7      | Noticed a hippogriff
  4055 | D:7      | Killed a hippogriff
  4112 | D:6      | Found a sparkling altar of Nemelex Xobeh.
  4112 | D:6      | Found a shattered altar of Ashenzari.
  4160 | D:6      | Found a burning altar of Makhleb.
  4161 | D:6      | Found a radiant altar of Vehumet.
  4221 | D:5      | Entered Level 5 of the Dungeon
  4284 | D:5      | Reached skill level 10 in Staves
  4315 | D:5      | Found a sand-covered staircase.
  4375 | Ossuary  | Entered an ossuary
  5803 | D:4      | Noticed Blork
  5803 | D:4      | Blork the orc changed into Blork the porcupine
  5812 | D:4      | Killed Blork the porcupine
  5874 | D:5      | Reached skill level 11 in Staves
  5874 | D:5      | Gained mutation: You have a pair of small antennae on your head. [demonic ancestry]
  5874 | D:5      | Reached XP level 9. HP: 50/61 MP: 7/9
  5930 | D:5      | Found an opulent altar of Gozag.
  6234 | D:6      | Noticed Sapher's ghost (weakling VSFi)
  6279 | D:6      | Found a staircase to the Ecumenical Temple.
  6302 | Temple   | Entered the Ecumenical Temple
  6586 | Temple   | Became a worshipper of Yredelemnul the Dark
  6639 | D:6      | Killed Sapher's ghost
  6692 | D:6      | Found Vofabon's Weapon Boutique.
  7060 | D:7      | Noticed a manticore
  7084 | D:7      | a manticore changed into a redback
  7108 | D:7      | Reached skill level 12 in Staves
  7412 | D:7      | Found a runed door.
  7455 | D:7      | Found a glowing silver altar of Zin.
  7778 | D:7      | Noticed Crazy Yiuf
  7786 | D:7      | Killed Crazy Yiuf
  7886 | D:8      | Reached * piety under Yredelemnul
  7925 | D:8      | Noticed a two-headed ogre
  8133 | D:8      | Found a snail-covered altar of Cheibriados.
  8311 | D:8      | Killed a two-headed ogre
  8375 | D:8      | Reached skill level 13 in Staves
  8507 | D:8      | Gained mutation: You are partially covered in iridescent scales. (AC +2) [demonic ancestry]
  8507 | D:8      | Reached XP level 10. HP: 67/67 MP: 10/10
  8693 | D:9      | Found a sacrificial altar of Ru.
  8868 | D:9      | Reached skill level 1 in Invocations
  9101 | D:9      | Noticed Pikel
  9124 | D:9      | Killed Pikel
  9328 | D:9      | Noticed Maurice
  9588 | D:9      | Killed Maurice
  9588 | D:9      | Reached skill level 5 in Invocations
  9888 | D:9      | Found a stormy altar of Qazlal.
 10002 | D:10     | Entered Level 10 of the Dungeon
 10099 | D:10     | Noticed a six-headed hydra
 10113 | D:10     | Killed a six-headed hydra
 10113 | D:10     | Reached skill level 14 in Staves
 10217 | D:10     | Noticed Fannar
 10227 | D:10     | Reached ** piety under Yredelemnul
 10250 | D:10     | Killed Fannar
 10250 | D:10     | Gained mutation: You regenerate magic rapidly. [demonic ancestry]
 10250 | D:10     | Reached XP level 11. HP: 12/75 MP: 4/17
 10505 | D:10     | Found a staircase to the Lair.
 10506 | D:10     | Noticed a two-headed ogre
 10627 | D:10     | Killed a two-headed ogre
 10781 | D:10     | Found a staircase to the Orcish Mines.
 10798 | D:10     | Got a smoking morningstar {speed}
 10799 | D:10     | Identified the +8 morningstar of the Known World {speed, rElec rF+} (You took it off an orc warrior on level 10 of the Dungeon)
 11077 | D:11     | Found a portal to a secret trove of treasure.
 11135 | D:11     | Reached skill level 5 in Fighting
 11277 | D:11     | Found Elasepsofu's Antique Armour Shoppe.
 11322 | D:11     | Noticed a two-headed ogre
 11334 | D:11     | Killed a two-headed ogre
 11334 | D:11     | Reached skill level 10 in Invocations
 11526 | D:11     | Reached *** piety under Yredelemnul
 11889 | D:10     | Noticed Erolcha
 11895 | D:10     | Killed Erolcha
 11920 | D:10     | Noticed a two-headed ogre
 11936 | D:10     | Killed a two-headed ogre
 12120 | Lair:1   | Entered Level 1 of the Lair of Beasts
 12212 | Lair:1   | Noticed a six-headed hydra
 12226 | Lair:1   | Killed a six-headed hydra
 12226 | Lair:1   | Gained mutation: When low on magic, you restore magic in place of health. [demonic ancestry]
 12226 | Lair:1   | Reached XP level 12. HP: 45/92 MP: 9/21
 12521 | Lair:1   | Noticed a five-headed hydra
 12525 | Lair:1   | Killed a five-headed hydra
 12573 | Lair:1   | Got a polished ring mail
 12584 | Lair:1   | Identified the +1 ring mail "Marchuwiq" {*Slow rPois rN+ SInv} (You found it on level 1 of the Lair of Beasts)
 12766 | Lair:2   | HP: 4/93 [blink frog (2)]
 12767 | Lair:2   | Slain by a water moccasin

Vault maps used:
D:1:      minmay_arrival_shattered_statue
D:2:      marbit_many_paths, minmay_misc_feat_iff
D:3:      minitemple
D:4:      uniq_blork_the_orc
D:5:      grunt_gozag_breadcrumbs, first_bread, enter_ossuary_1,
          minmay_misc_feat_tower
D:6:      grunt_temple_overflow_lords_of_destruction,
          gammafunk_temple_overflow_pools, temple_fountains, serial_shops,
          nicolae_shop_waterfront
D:7:      overflow_temple_1_default, kennysheep_little_box,
          uniq_crazy_yiuf_cottage
D:8:      nicolae_overflow_hidden_temple
D:9:      nicolae_ru_sacrificial_ziggurat, nicolae_qazlal_eye_of_the_storm,
          uniq_maurice, uniq_pikel
D:10:     david_lair_generic, kennysheep_orc_monster_closet_entryway,
          uniq_fannar, uniq_erolcha
D:11:     serial_shops, nicolae_shop_crystal, trove_entry_hex_spiral
Temple:   compressed_dpeg_triangle_lava_temple
Lair:1:   uniq_gastronok
Lair:2:   st_stairs_5, uniq_nergalle
Ossuary:  ossuary_tomb_3

Skill      XL: |  1  2  3  4  5  6  7  8  9 10 11 12 |
---------------+-------------------------------------+-----
Staves         | 3 4 5 6 7 9 11 13 14 | 14.0
Invocations    | 8 12 | 12.3
Fighting       | 3 7 8 |  8.3
Throwing       | |  1.7
Dodging        | |  2.6

Action                   |  1- 3 |  4- 6 |  7- 9 | 10-12 || total
-------------------------+-------+-------+-------+-------++-------
Melee: Quarterstaff      |   122 |   218 |   617 |   295 ||  1252
       Morningstar       |       |       |       |   237 ||   237
Throw: Throwing net      |       |     1 |     1 |       ||     2
       Javelin           |       |       |       |     1 ||     1
Invok: Animate Remains   |       |       |     5 |    21 ||    26
       Animate Dead      |       |       |       |     7 ||     7
       Recall Undead Sla |       |       |       |     1 ||     1
       Injury Mirror     |       |       |       |     1 ||     1
Evoke: Wand              |       |       |    19 |    34 ||    53
  Use: Scroll            |       |     9 |    10 |    10 ||    29
       Potion            |       |     6 |     5 |     5 ||    16
 Stab: Sleeping          |     1 |       |       |       ||     1
       Held in net/web   |       |     3 |     1 |       ||     4
       Confused          |       |       |     4 |       ||     4
       Distracted        |       |       |       |     2 ||     2
  Eat: Chunk             |     3 |     5 |    20 |     8 ||    36
       Meat ration       |       |       |       |     3 ||     3
Armor: Leather armour    |    36 |    41 |    93 |    68 ||   238
       Skin              |       |       |       |    23 ||    23
       Troll leather arm |       |       |       |    12 ||    12
Dodge: Dodged            |    81 |   173 |   584 |   409 ||  1247
